 Dungeon Crawl Stone Soup version 0.28.0-43-g3370ac3207 (webtiles) character file.

Game seed: 5754085654316012827

241 pkoi the Ruffian (level 5, -3/45 HPs)
             Began as a Demigod Gladiator on Mar 28, 2022.
             Slain by Menkaure (22 damage)
             ... on level 4 of the Dungeon.
             The game lasted 00:06:43 (5691 turns).

pkoi the Ruffian (Demigod Gladiator)                Turns: 5691, Time: 00:06:44

Health: -3/45      AC:  6    Str: 19    XL:     5   Next: 51%
Magic:  7/7        EV: 13    Int: 10    God:
Gold:   134        SH:  0    Dex: 15    Spells: 4/4 levels left

rFire   . . .      SeeInvis .     - Unarmed
rCold   . . .      Faith    .   (no shield)
rNeg    . . .      Spirit   .   a - +1 leather armour
rPois   .          Reflect  .   b - +0 helmet
rElec   .          Harm     .   (no cloak)
rCorr   .          Rampage  .   k - +0 pair of gloves
Will    .....                   (no boots)
Stlth   +.........              (no amulet)
HPRegen 0.15/turn               (no ring)
MPRegen 0.10/turn               (no ring)

@: attractive
A: high MP 1, forlorn, divine attributes
a: no special abilities


You were on level 4 of the Dungeon.
You visited 1 branch of the dungeon, and saw 4 of its levels.

You collected 134 gold pieces.

Inventory:

Hand Weapons
 f - a +2 dagger of freezing
Missiles
 c - 3 throwing nets (quivered)
Armour
 a - a +1 leather armour (worn)
 b - a +0 helmet (worn)
 k - a +0 pair of gloves (worn)
Wands
 m - a wand of mindburst (13)
Scrolls
 e - 3 scrolls of teleportation
 j - 2 scrolls of fear
 l - a scroll of identify
Potions
 g - a potion of mutation
 h - a potion of curing
 i - 2 potions of brilliance {unknown}
 n - a potion of lignification {unknown}


   Skills:
 - Level 3.0 Fighting
 - Level 2.6 Throwing
 + Level 3.7 Dodging
 * Level 4.2 Unarmed Combat
 + Level 0.5 Evocations


You had 4 spell levels left.
You didn't know any spells.
Your spell library was empty.

Dungeon Overview and Level Annotations

Branches:
Dungeon (4/15)
 Temple: D:4-7

Annotations:
D:4 Menkaure


Innate Abilities, Weirdness & Mutations

You have an increased reservoir of magic. (+10% MP)
You shall have no god before yourself.
Your divine heritage dramatically boosts your attributes as you level up.


Message History

No target in view!
Menkaure, Prince of Dust comes into view.
Found a robe.
Menkaure is nearby!
Menkaure is nearby!
Menkaure shouts!
Aiming: Mindburst
Press: ? - help, Shift-Dir - straight line, f - Menkaure
Aim: Menkaure (chance to affect: 67%) Menkaure struggles to resist.
Menkaure calls on the powers of darkness!
Your body is wracked with pain!
* * * LOW HITPOINT WARNING * * *
Aiming: Mindburst
Press: ? - help, Shift-Dir - straight line, f/p - Menkaure
Aim: Menkaure (chance to affect: 67%) Menkaure struggles to resist.
Unknown command.
Aiming: Mindburst
Press: ? - help, Shift-Dir - straight line, f/p - Menkaure
Aim: Menkaure (chance to affect: 67%) Menkaure struggles to resist.
Menkaure calls on the powers of darkness!
Your body is wracked with pain!
* * * LOW HITPOINT WARNING * * *
Menkaure calls on the powers of darkness!
Your body is wracked with pain!
* * * LOW HITPOINT WARNING * * *
Menkaure closely misses you.
You punch Menkaure!
Menkaure is moderately damaged.
Menkaure closely misses you.
You hit Menkaure.
Menkaure is heavily damaged.
It was a potion of attraction.
You feel attractive to monsters.
Menkaure gestures wildly while chanting.
Menkaure seems to speed up.
It was a potion of curing.
You feel better. Menkaure hits you!!
You die...

##### #...#
#.#.###########.#
#####.#.........@M.[#
...##.###############
##.##.# #.##.# #.##.#
#.##.# ##.##.#
...##.# #####.#


You could see Menkaure (fast).

Vanquished Creatures
  A centaur skeleton (D:3)
  An iguana (D:4)
  A hound skeleton (D:4)
  5 gnolls
  3 adders
  2 worms
  2 dart slugs
  7 orcs
  9 endoplasms
  4 giant cockroaches
  9 goblins
  5 hobgoblins
  8 jackals
  A quokka (D:1)
  7 ball pythons
  3 bats (D:1)
  2 frilled lizards
  6 kobolds
  5 rats
81 creatures vanquished.

Vanquished Creatures (others)
  A plant (D:1)
1 creature vanquished.

Grand Total: 82 creatures vanquished

Notes
Turn   | Place    | Note
-------+----------+-------------------------------------------
     0 | D:1      | pkoi the Demigod Gladiator began the quest for the Orb.
     0 | D:1      | Reached XP level 1. HP: 17/17 MP: 3/3
   731 | D:1      | Reached XP level 2. HP: 21/24 MP: 4/4
  1177 | D:1      | Reached skill level 3 in Unarmed Combat
  1886 | D:2      | Reached XP level 3. HP: 26/29 MP: 5/5
  2767 | D:3      | Reached XP level 4. HP: 29/37 MP: 6/6
  4212 | D:3      | Reached XP level 5. HP: 33/44 MP: 7/7
  4758 | D:3      | Reached skill level 4 in Unarmed Combat
  5680 | D:4      | Noticed Menkaure
  5691 | D:4      | Slain by Menkaure

Illustrated notes

Levels and vault maps discovered:
D:1:      dpeg_arrival_orchard, layout_loops_corners, serial_bayou_pond_b,
          chequers_serial_rivers_micro_b, chequers_big_river,
          chequers_serial_rivers_micro_d
D:2:      minmay_angry_zag, layout_rooms, chequers_ecumenical_altar_island,
          minmay_tetromino_s4
D:3:      layout_loops_corners, minmay_randomly_rotated_circles
D:4:      layout_basic, mainiacjoe_overflow_large_starburst, uniq_menkaure

Skill      XL: |  1  2  3  4  5 |
---------------+----------------+-----
Fighting       | 2 3 |  3.0
Throwing       | 2 |  2.6
Dodging        | 3 |  3.7
Unarmed Combat | 3 4 |  4.2
Evocations     | |  0.5

Action                   |  1- 3 |  4- 6 || total
-------------------------+-------+-------++-------
Melee: Unarmed           |   174 |   181 ||   355
       Punch             |    10 |     7 ||    17
Evoke: Wand              |       |     3 ||     3
  Use: Scroll            |     4 |     3 ||     7
       Potion            |       |     2 ||     2
 Stab: Sleeping          |     2 |       ||     2
Armor: Leather armour    |    60 |    46 ||   106
Dodge: Dodged            |   115 |   105 ||   220
